 Dungeon Crawl Stone Soup version 0.20.0-15-g7f486f2 (webtiles) character file.

60 rezek the Conjurer (level 4, -1/36 HPs)
             Began as a Tengu Conjurer on June 26, 2017.
             Slain by a sky beast (3 damage)
             ... on level 3 of the Dungeon.
             The game lasted 00:06:02 (2406 turns).

rezek the Conjurer (Tengu Conjurer)                 Turns: 2406, Time: 00:06:02

Health: -1/36      AC: 22    Str:  8    XL:     4   Next: 6%
Magic:  4/8        EV:  2    Int: 15    God:
Gold:   128        SH:  0    Dex: 16    Spells: 5/8 levels left

rFire    . . .     SeeInvis .   m - +0 dagger
rCold    . . .     Gourm    .   (no shield)
rNeg     + + +     Faith    .   (armour currently unavailable)
rPois    +         Spirit   .   (helmet currently unavailable)
rElec    .         Reflect  .   (cloak currently unavailable)
rCorr    .         Harm     .   (gloves currently unavailable)
MR       .....     NoTele   +   (boots unavailable)
Stlth    ++........             o - amulet of rage
Regen    0.2/turn               (no ring)
MPRegen  0.2/turn               (no ring)

@: tree-form
A: no striking features
a: Evoke Berserk Rage


You were on level 3 of the Dungeon.
You were not hungry.
You were a tree.
You visited 1 branch of the dungeon, and saw 3 of its levels.

You collected 128 gold pieces.

Inventory:

Hand Weapons
 m - a +0 dagger (weapon)
Armour
 a - a +0 robe (melded)
Jewellery
 o - an amulet of rage (around neck)
Scrolls
 d - a scroll of remove curse
 e - a scroll of blinking {unknown}
 h - 2 scrolls of identify {unknown}
 i - a scroll of fog {unknown}
 k - a scroll of enchant armour {unknown}
Potions
 g - a potion of lignification
 j - a potion of cancellation {unknown}
 l - 2 potions of berserk rage {unknown}
 p - a potion of might {unknown}
 q - a potion of flight {unknown}
Books
 b - a book of Conjurations

   Spells                             Type                      Level
   a - Magic Dart                     Conjuration                  1
   b - Searing Ray                    Conjuration                  2
   c - Dazzling Spray                 Conjuration/Hexes            3
   d - Fulminant Prism                Conjuration/Hexes            4
   e - Force Lance                    Conjuration/Translocation    4
   f - Iskenderun's Mystic Blast      Conjuration                  4
Comestibles
 c - a bread ration
 f - 3 chunks of flesh
 n - 3 meat rations


   Skills:
 + Level 0.8 Fighting
 + Level 0.4 Short Blades
 - Level 2.1 Dodging
 - Level 2.0 Stealth
 + Level 2.6 Spellcasting
 + Level 6.4 Conjurations
 + Level 0.2 Evocations


You had 5 spell levels left.
You knew the following spells:

 Your Spells              Type           Power        Failure   Level  Hunger
a - Magic Dart            Conj           ###.         1%          1    #......
b - Searing Ray           Conj           ###...       2%          2    ###....


Dungeon Overview and Level Annotations

Branches:
Dungeon (3/15)

Altars:
Gozag
Makhleb
Okawaru


Innate Abilities, Weirdness & Mutations

((You have a beak for a mouth.))
((You have claws for feet.))


Message History

* * * LOW HITPOINT WARNING * * *
The sky beast shocks you.
* * * LOW HITPOINT WARNING * * *
Unknown command.
The searing ray hits the sky beast.
The sky beast is severely wounded.
You finish channeling your searing ray.
The sky beast misses you.
It was a potion of lignification.
You turn into a tree.
Your +0 robe melds into your body.
Your roots penetrate the ground.
The sky beast flickers out of sight!
Deactivating autopickup; reactivate with Ctrl-A.
Something hits you but does no damage.
You closely miss something. Something hits you but does no damage.
You miss something. Something hits you but does no damage.
You miss something. Something hits you but does no damage.
You barely miss something. Something hits you but does no damage.
You closely miss something. Something hits you but does no damage.
You closely miss something. Something hits you but does no damage.
You miss something. Something hits you.
You die...

##########
.......<.# #####
.#######.## ....#
.#######..###....#
..........♣{'....#
.#######..###....#
#..# ....# ###
#..# #####
###.###..#
#........###
#.#.........#
#.#.###..##.....#
#.#.###..##.##..##


There were no monsters in sight!

Vanquished Creatures
  An adder (D:2)
  3 dart slugs (D:1)
  3 leopard geckos
  2 orcs
  5 bats
  4 giant cockroaches
  4 goblins
  3 hobgoblins
  3 jackals (D:1)
  A quokka (D:2)
  4 frilled lizards
  4 kobolds
37 creatures vanquished.

Notes
Turn   | Place    | Note
-------+----------+-------------------------------------------
     0 | D:1      | rezek the Tengu Conjurer began the quest for the Orb.
     0 | D:1      | Reached XP level 1. HP: 10/10 MP: 4/4
   232 | D:1      | Reached XP level 2. HP: 15/15 MP: 4/6
   236 | D:1      | Learned a level 2 spell: Searing Ray
   318 | D:1      | Reached skill level 6 in Conjurations
   798 | D:1      | Reached XP level 3. HP: 13/19 MP: 7/7
  1109 | D:2      | Found an opulent altar of Gozag.
  1930 | D:3      | Found a burning altar of Makhleb.
  2243 | D:3      | Reached XP level 4. HP: 24/24 MP: 4/8
  2347 | D:3      | Found an iron altar of Okawaru.
  2391 | D:3      | Noticed a sky beast
  2397 | D:3      | HP: 1/24 [sky beast (6)]
  2406 | D:3      | Slain by a sky beast

Skill      XL: |  1  2 |
---------------+-------+-----
Conjurations   | 6 |  6.4
Fighting       | |  0.8
Short Blades   | |  0.4
Dodging        | |  2.1
Stealth        | |  2.0
Spellcasting   | |  2.6
Evocations     | |  0.2

Action                   |  1- 3 |  4- 6 || total
-------------------------+-------+-------++-------
Melee: Club              |     4 |       ||     4
       Dagger            |    62 |     8 ||    70
       Kick              |    20 |     1 ||    21
       Peck              |    10 |     1 ||    11
 Cast: Magic Dart        |    38 |       ||    38
       Searing Ray       |     2 |     3 ||     5
  Use: Scroll            |     2 |       ||     2
       Potion            |       |     1 ||     1
 Stab: Sleeping          |     2 |       ||     2
  Eat: Chunk             |     5 |     1 ||     6
Armor: Robe              |    16 |       ||    16
       Skin              |       |     7 ||     7
Dodge: Dodged            |    53 |     8 ||    61
